 Dungeon Crawl Stone Soup version 0.31.0-32-g396128a36d (webtiles) character file.

Game seed: 14128993281312149163

254 AdnanSaban the Covered (level 6, 0/38 HPs)
             Began as a Gargoyle Fighter on Apr 15, 2024.
             Was an Initiate of Okawaru.
             Slain by Prince Ribbit (4 damage)
             ... on level 6 of the Dungeon.
             The game lasted 00:02:56 (2244 turns).

AdnanSaban the Covered (Gargoyle Fighter)           Turns: 2244, Time: 00:02:57

Health: 0/38       AC: 18    Str: 21    XL:     6   Next: 14%
Magic:  6/6        EV:  6    Int:  9    God:    Okawaru [......]
Gold:   84         SH:  4    Dex:  9    Spells: 5/5 levels left

rFire   . . .        a - +0 flail
rCold   . . .        c - +0 buckler
rNeg    + . .        h - +0 plate armour
rPois   ∞            (no helmet)
rElec   +            (no cloak)
rCorr   .            b - +1 pair of gloves
SInv    .            (no boots)
Will    .....        (no amulet) Stlth
                     (no ring)
HPRegen 0.26/turn    (no ring)
MPRegen 0.10/turn

%: no passive effects
@: no status effects
A: sickness immunity, AC +4, negative energy resistance 1, electricity
resistance, torment resistance 1, petrification resistance
a: Renounce Religion


You were on level 6 of the Dungeon.
You worshipped Okawaru.
Okawaru was noncommittal.
You visited 2 branches of the dungeon, and saw 5 of its levels.

You collected 84 gold pieces.

Inventory:

Hand Weapons
 a - a +0 flail (weapon)
Missiles
 t - 5 javelins
Armour
 b - a +1 pair of gloves (worn)
 c - a +0 buckler (worn)
 h - a +0 plate armour (worn)
Wands
 r - a wand of mindburst (13)
Scrolls
 e - a scroll of fear {unknown}
 f - a scroll of teleportation {unknown}
 g - 2 scrolls of identify {unknown}
 j - 2 scrolls of noise {unknown}
 o - a scroll of poison {unknown}
 s - 3 scrolls of immolation {unknown}
 u - a scroll of blinking {unknown}
Potions
 d - a potion of might
 k - a potion of heal wounds {unknown}
 l - a potion of invisibility {unknown}
 m - a potion of enlightenment {unknown}
 n - a potion of curing {unknown}
 p - a potion of attraction {unknown}
 q - 3 potions of cancellation {unknown}


   Skills:
 + Level 3.9 Fighting
 + Level 4.1 Maces & Flails
 + Level 5.0 Armour
 + Level 0.2 Dodging
 + Level 4.1 Shields


You had 5 spell levels left.
You didn't know any spells.
Your spell library was empty.

Dungeon Overview and Level Annotations

Branches:
Dungeon (6/15)             Temple (1/1) D:6

Altars:
Ashenzari
Cheibriados
Fedhas
Hepliaklqana
Kikubaaqudgha
Makhleb
Nemelex Xobeh
Okawaru
Sif Muna
Trog
Vehumet
Wu Jian
Xom
Zin

Shops:
D:1 (

Annotations:
D:6 Prince Ribbit


Innate Abilities, Weirdness & Mutations

You are immune to sickness and miasma.
Your stone body is resilient. (AC +4)
You are immune to poison.
You resist negative energy. (rN+)
You are resistant to electric shocks. (rElec)
You are resistant to unholy torment.
You are immune to petrification.


Message History

Prince Ribbit looks even sicker.
Prince Ribbit is lightly wounded.
Prince Ribbit croaks regally.
You thump Prince Ribbit!
Prince Ribbit is moderately wounded.
You block Prince Ribbit's attack. Prince Ribbit hits you!
You sock Prince Ribbit!
Prince Ribbit is heavily wounded.
Prince Ribbit barely misses you.
You closely miss Prince Ribbit.
Prince Ribbit is heavily wounded.
Prince Ribbit barely misses you. Prince Ribbit hits you!
You are too injured to fight recklessly!
You closely miss Prince Ribbit.
Prince Ribbit is heavily wounded.
Prince Ribbit blinks!
You are too injured to fight recklessly!
Throw: dart (poison)
Press: ? - help, Q - select action, (/) - cycle Shift-Dir - straight line, f/p - Prince Ribbit
Aim: Prince Ribbit (heavily wounded, poisoned, 21% to hit)
You throw a poisoned dart. The poisoned dart hits Prince Ribbit.
Prince Ribbit is heavily wounded.
Prince Ribbit looks more healthy.
You miss Prince Ribbit.
Prince Ribbit is heavily wounded.
Prince Ribbit closely misses you. Prince Ribbit hits you!
* * * LOW HITPOINT WARNING * * *
You miss Prince Ribbit.
Prince Ribbit is heavily wounded.
Prince Ribbit hits you!
* * * LOW HITPOINT WARNING * * *
Prince Ribbit hits you but does no damage.
You sock Prince Ribbit!
Prince Ribbit is severely wounded.
Prince Ribbit barely misses you.
You barely miss Prince Ribbit.
Prince Ribbit is severely wounded.
Prince Ribbit hits you but does no damage.
Prince Ribbit hits you.
You die...

#...†....## #.
#.#####...######################.
#....#.........##.............
#.......######.##.############
#.##.....# ##.##.#
....:..##.####.#.#.#
........##.....###..#
.......#.#######.#.### .....#.###
#.F@.## .+### #(#### #( #F #( ..
.> (.


You could see Prince Ribbit.

Vanquished Creatures
  A scorpion (D:6)
  A bombardier beetle (D:3)
  A hound (D:6)
  2 iguanas (D:6)
  An adder (D:2)
  A shadow imp (D:6)
  3 ribbon worms
  2 endoplasms (D:1)
  2 giant cockroaches (D:1)
  8 goblins
  3 hobgoblins
  9 jackals
  3 kobolds
  5 quokkas
  5 ball pythons
  A bat (D:1)
  5 frilled lizards
  8 rats
61 creatures vanquished.

Notes
Turn   | Place    | Note
-------+----------+-------------------------------------------
     0 | D:1      | AdnanSaban the Gargoyle Fighter began the quest for the
                  | Orb.
     0 | D:1      | Reached XP level 1. HP: 14/14 MP: 1/1
   127 | D:1      | Reached XP level 2. HP: 16/19 MP: 2/2
   526 | D:1      | Reached XP level 3. HP: 23/23 MP: 3/3
   633 | D:1      | Found Gotysm's Antique Weapon Shop.
  1259 | D:2      | Found a faded altar of an unknown god.
  1309 | D:2      | Reached skill level 4 in Armour
  1363 | D:2      | Reached XP level 4. HP: 25/28 MP: 4/4
  1809 | D:3      | Found a faded altar of an unknown god.
  1851 | D:3      | You fall into a shaft and drop 3 floors!
  1871 | D:6      | Reached XP level 5. HP: 25/33 MP: 5/5
  1981 | D:6      | Found a staircase to the Ecumenical Temple.
  1987 | Temple   | Entered the Ecumenical Temple
  1992 | Temple   | Became a worshipper of Warmaster Okawaru
  2030 | D:6      | Noticed a sky beast
  2097 | D:6      | Reached XP level 6. HP: 18/38 MP: 6/6
  2185 | D:6      | Reached skill level 5 in Armour
  2227 | D:6      | Noticed Prince Ribbit
  2244 | D:6      | Slain by Prince Ribbit

Illustrated notes

Levels and vault maps discovered:
D:1:      roderic_crossed_star, layout_basic, serial_shops, nicolae_square_shop,
          serial_bayou_lake_a
D:2:      layout_loops_ring, hellmonk_ecumenical_altar_zigzags
D:3:      layout_basic, nicolae_overflow_ecumenical_swirl, roderic_roman_lattice
D:6:      layout_loops_ring, mainiacjoe_overflow_swirl,
          minmay_temple_entry_overgrown, serial_glass, glass_columns_b,
          glass_columns_a, feat_on_display, item_on_display_a,
          item_on_display_a, minmay_hollow_rounded_squares, uniq_prince_ribbit1
Temple:   nicolae_temple_ecumenical_triangle

Skill      XL: |  1  2  3  4  5  6 |
---------------+-------------------+-----
Armour         | 4 5 |  5.0
Maces & Flails | 3 4 |  4.1
Shields        | 4 |  4.1
Fighting       | |  3.9
Dodging        | |  0.2

Action                     |  1- 3 |  4- 6 || total
---------------------------+-------+-------++-------
  Melee: Flail             |   237 |    89 ||   326
  Throw: Dart              |       |     6 ||     6
 Armour: Scale mail        |   109 |       ||   109
         Plate armour      |   159 |    66 ||   225
  Dodge: Dodged            |   114 |    34 ||   148
  Block: Buckler           |    76 |    16 ||    92
